| TOP OF THE 1ST |
|
Cleveland Indians batting - Pitching for Caifornia Angels : RHP Ben Sedlacek
|
|
Pitching: RHP Ben Sedlacek
|
|
|
Batting: LHB Jeremy DiGenova
|
0-0: Ball 1-0: Ball 2-0: Ball 3-0: Called Strike 3-1: Called Strike 3-2: Strikes out swinging
|
|
Batting: LHB Arvin Dungca
|
0-0: Ball 1-0: Called Strike 1-1: Called Strike 1-2: Strikes out swinging
|
|
Batting: LHB Hector Pedroso
|
0-0: Ball 1-0: Ball 2-0: Ball 3-0: Called Strike 3-1: Base on Balls
|
|
Batting: LHB Fernando Campos
|
0-0: Ball 1-0: Ground out 6-3 (Groundball, 56, EV 107.5 MPH)
|
| Top of the 1st over - 0 runs, 0 hits, 0 errors, 1 left on base; Cleveland 0 - Caifornia 0 |
| BOTTOM OF THE 1ST |
|
Caifornia Angels batting - Pitching for Cleveland Indians : RHP Jon Glenn
|
|
Pitching: RHP Jon Glenn
|
|
|
Batting: SHB Aldo Questi
|
0-0: Ball 1-0: Ball 2-0: Ball 3-0: Base on Balls
|
|
Batting: RHB Preston Deakyne
|
0-0: Called Strike 0-1: Foul Ball, location: 2F 0-2: Ball 1-2: Fly out, F9 (Flyball, 89M, EV 83.1 MPH)
|
|
Batting: LHB Micah Miller
|
0-0: DOUBLE (Line Drive, 89M, EV 112.5 MPH) Aldo Questi to third
|
|
Batting: RHB Alain Delhaye
|
0-0: Swinging Strike 0-1: Called Strike 0-2: Ball 1-2: Ground out 6-3 (Groundball, 6, EV 84.4 MPH) Aldo Questi scores Micah Miller to third
|
|
Batting: RHB Nick Dunn
|
0-0: Ball 1-0: Swinging Strike 1-1: Swinging Strike 1-2: Foul Ball, location: 2F 1-2: Foul Ball, location: 2F 1-2: Ball 2-2: Strikes out swinging
|
| Bottom of the 1st over - 1 run, 1 hit, 0 errors, 1 left on base; Cleveland 0 - Caifornia 1 |
| TOP OF THE 2ND |
|
Cleveland Indians batting - Pitching for Caifornia Angels : RHP Ben Sedlacek
|
|
Batting: LHB Anthony Mosley
|
0-0: Swinging Strike 0-1: Ball 1-1: Ball 2-1: Foul Ball, location: 2F 2-2: Foul Ball, location: 2F 2-2: Ball 3-2: Strikes out swinging
|
|
Batting: SHB Dan Hill
|
0-0: Foul Ball, location: 2F 0-1: Ball 1-1: Foul Ball, location: 2F 1-2: Foul Ball, location: 2F 1-2: Foul Ball, location: 2F 1-2: Foul Ball, location: 2F 1-2: Strikes out swinging
|
|
Batting: RHB Mike Cervino
|
0-0: Foul Ball, location: 2F 0-1: Called Strike 0-2: Strikes out looking
|
| Top of the 2nd over - 0 runs, 0 hits, 0 errors, 0 left on base; Cleveland 0 - Caifornia 1 |
| BOTTOM OF THE 2ND |
|
Caifornia Angels batting - Pitching for Cleveland Indians : RHP Jon Glenn
|
|
Batting: LHB Javier Trujillo
|
0-0: Ball 1-0: Ball 2-0: Called Strike 2-1: Ball 3-1: Foul Ball, location: 2F 3-2: Foul Ball, location: 2F 3-2: Fly out, F7 (Line Drive, 7D, EV 88.1 MPH)
|
|
Batting: RHB Jasper Burd
|
0-0: SINGLE (Line Drive, 78S, EV 111.9 MPH)
|
|
Batting: LHB Steve Roepke
|
0-0: Ball 1-0: Grounds into double play, 4-6-3 (Groundball, 4, EV 103.1 MPH)
|
| Bottom of the 2nd over - 0 runs, 1 hit, 0 errors, 0 left on base; Cleveland 0 - Caifornia 1 |
| TOP OF THE 3RD |
|
Cleveland Indians batting - Pitching for Caifornia Angels : RHP Ben Sedlacek
|
|
Batting: SHB Jonathan DeFranco
|
0-0: Called Strike 0-1: Ball 1-1: Swinging Strike 1-2: Foul Ball, location: 2F 1-2: Foul Ball, location: 2F 1-2: Foul Ball, location: 2F 1-2: Foul Ball, location: 2F 1-2: Ball 2-2: Ball 3-2: Strikes out swinging
|
|
Batting: RHB Toki Takeuchi
|
0-0: Called Strike 0-1: Ground out 5-3 (Groundball, 56, EV 81.2 MPH)
|
|
Batting: LHB Jeremy DiGenova
|
0-0: Ball 1-0: Called Strike 1-1: Ball 2-1: Called Strike 2-2: Foul Ball, location: 2F 2-2: Strikes out swinging
|
| Top of the 3rd over - 0 runs, 0 hits, 0 errors, 0 left on base; Cleveland 0 - Caifornia 1 |
| BOTTOM OF THE 3RD |
|
Caifornia Angels batting - Pitching for Cleveland Indians : RHP Jon Glenn
|
|
Batting: RHB Jose Pineda
|
0-0: Ground out 4-3 (Groundball, 34, EV 80.6 MPH)
|
|
Batting: SHB Aldo Questi
|
0-0: Ball 1-0: Called Strike 1-1: Foul Ball, location: 2F 1-2: Ball 2-2: Foul Ball, location: 2F 2-2: Ball 3-2: Foul Ball, location: 2F 3-2: Ground out U3 (Groundball, 3, EV 83.1 MPH)
|
|
Batting: RHB Preston Deakyne
|
0-0: Foul Ball, location: 2F 0-1: Ball 1-1: Called Strike 1-2: Ball 2-2: Strikes out swinging
|
| Bottom of the 3rd over - 0 runs, 0 hits, 0 errors, 0 left on base; Cleveland 0 - Caifornia 1 |
| TOP OF THE 4TH |
|
Cleveland Indians batting - Pitching for Caifornia Angels : RHP Ben Sedlacek
|
|
Batting: LHB Arvin Dungca
|
0-0: DOUBLE (Line Drive, 9LM, EV 98.8 MPH)
|
|
Batting: LHB Hector Pedroso
|
0-0: Fly out, F8 (Flyball, 8LD, EV 100.6 MPH)
|
|
Batting: LHB Fernando Campos
|
0-0: Called Strike 0-1: Swinging Strike 0-2: Ball 1-2: Fly out, F8 (Flyball, 8LD, EV 101.2 MPH)
|
|
Batting: LHB Anthony Mosley
|
0-0: Ball 1-0: Foul Ball, location: 2F 1-1: Ball 2-1: Ball 3-1: Base on Balls
|
|
Batting: SHB Dan Hill
|
0-0: Fielders Choice at 2nd, 5-4 (Groundball, 5, EV 91.9 MPH)
|
| Top of the 4th over - 0 runs, 1 hit, 0 errors, 2 left on base; Cleveland 0 - Caifornia 1 |
| BOTTOM OF THE 4TH |
|
Caifornia Angels batting - Pitching for Cleveland Indians : RHP Jon Glenn
|
|
Batting: LHB Micah Miller
|
0-0: Ball 1-0: Ball 2-0: Called Strike 2-1: SINGLE (Groundball, 3S, EV 74.4 MPH) (infield hit)
|
|
Batting: RHB Alain Delhaye
|
0-0: Called Strike 0-1: Called Strike 0-2: SINGLE (Line Drive, 7S, EV 86.2 MPH) Micah Miller to second
|
|
Batting: RHB Nick Dunn
|
0-0: Called Strike 0-1: Foul Ball, location: 2F 0-2: Ball 1-2: Foul Ball, location: 2F 1-2: Ball 2-2: Ball 3-2: Foul Ball, location: 2F 3-2: Foul Ball, location: 2F 3-2: SINGLE (Groundball, 6MD, EV 95.6 MPH) Micah Miller to third Alain Delhaye to second
|
|
Batting: LHB Javier Trujillo
|
0-0: Ball 1-0: Ball 2-0: SINGLE (Groundball, 6MD, EV 106.9 MPH) Micah Miller scores Alain Delhaye to third Nick Dunn to second
|
|
Batting: RHB Jasper Burd
|
0-0: SINGLE (Groundball, 4M, EV 80.0 MPH) (infield hit) Alain Delhaye scores Nick Dunn to third Javier Trujillo to second
|
|
Batting: LHB Steve Roepke
|
0-0: Ball 1-0: Foul Ball, location: 2F 1-1: Grounds into double play, 4-6-3 (Groundball, 4, EV 79.4 MPH) Nick Dunn scores Javier Trujillo to third
|
|
Batting: RHB Jose Pineda
|
0-0: Ball 1-0: Called Strike 1-1: Ball 2-1: Ground out 6-3 (Groundball, 6, EV 81.2 MPH)
|
| Bottom of the 4th over - 3 runs, 5 hits, 0 errors, 1 left on base; Cleveland 0 - Caifornia 4 |
| TOP OF THE 5TH |
|
Cleveland Indians batting - Pitching for Caifornia Angels : RHP Ben Sedlacek
|
|
Pitching: RHP Nick Cunningham
|
|
|
Batting: RHB Mike Cervino
|
0-0: Called Strike 0-1: SOLO HOME RUN (Flyball, 7D, EV 99.4 MPH), Distance : 403 ft
|
|
Batting: SHB Jonathan DeFranco
|
0-0: Called Strike 0-1: Swinging Strike 0-2: Foul Ball, location: 2F 0-2: Foul Ball, location: 2F 0-2: Ball 1-2: SINGLE (Line Drive, 8LS, EV 88.8 MPH)
|
|
Batting: RHB Toki Takeuchi
|
0-0: Fly out, F8 (Flyball, 8RD, EV 93.1 MPH)
|
|
Batting: LHB Jeremy DiGenova
|
0-0: Grounds into double play, 5-4-3 (Groundball, 56, EV 80.0 MPH)
|
| Top of the 5th over - 1 run, 2 hits, 0 errors, 0 left on base; Cleveland 1 - Caifornia 4 |
| BOTTOM OF THE 5TH |
|
Caifornia Angels batting - Pitching for Cleveland Indians : RHP Jon Glenn
|
|
Pitching: RHP Dan Korte
|
|
|
Batting: SHB Aldo Questi
|
0-0: Ball 1-0: Ball 2-0: Called Strike 2-1: Foul Ball, location: 2F 2-2: Fly out, F7 (Flyball, 7D, EV 95.6 MPH)
|
|
Batting: RHB Preston Deakyne
|
0-0: Called Strike 0-1: Ball 1-1: Swinging Strike 1-2: Ball 2-2: SINGLE (Groundball, 6M, EV 86.2 MPH) (infield hit)
|
|
Batting: LHB Micah Miller
|
0-0: Ball 1-0: Foul Ball, location: 2F 1-1: Called Strike Preston Deakyne steals 2nd base 1-2: Foul Ball, location: 2F 1-2: Foul Ball, location: 2F 1-2: Fly out, F9 (Flyball, 9LM, EV 95.0 MPH) Runner from 2nd tags up, SAFE at 3rd, no throw by RF
|
|
Batting: RHB Alain Delhaye
|
0-0: Ground out 6-3 (Groundball, 6, EV 111.2 MPH)
|
| Bottom of the 5th over - 0 runs, 1 hit, 0 errors, 1 left on base; Cleveland 1 - Caifornia 4 |
| TOP OF THE 6TH |
|
Cleveland Indians batting - Pitching for Caifornia Angels : RHP Nick Cunningham
|
|
Batting: LHB Arvin Dungca
|
0-0: Ball 1-0: Foul Ball, location: 2F 1-1: Ball 2-1: Ball 3-1: Called Strike 3-2: Base on Balls
|
|
Batting: LHB Hector Pedroso
|
0-0: Ball Arvin Dungca steals 2nd base 1-0: Foul Ball, location: 2F 1-1: Called Strike 1-2: Strikes out looking
|
|
Batting: LHB Fernando Campos
|
0-0: Ball 1-0: Swinging Strike 1-1: Fly out, F8 (Line Drive, 8RM, EV 89.4 MPH)
|
|
Batting: LHB Anthony Mosley
|
0-0: Called Strike 0-1: Ball 1-1: Ground out 4-3 (Groundball, 4, EV 80.6 MPH)
|
| Top of the 6th over - 0 runs, 0 hits, 0 errors, 1 left on base; Cleveland 1 - Caifornia 4 |
| BOTTOM OF THE 6TH |
|
Caifornia Angels batting - Pitching for Cleveland Indians : RHP Dan Korte
|
|
Batting: RHB Nick Dunn
|
0-0: Ball 1-0: Foul Ball, location: 2F 1-1: Ball 2-1: Ball 3-1: Foul Ball, location: 2F 3-2: Strikes out swinging
|
|
Batting: LHB Javier Trujillo
|
0-0: Ball 1-0: Called Strike 1-1: Foul Ball, location: 2F 1-2: Ball 2-2: Ground out 4-3 (Groundball, 4, EV 82.5 MPH)
|
|
Batting: RHB Jasper Burd
|
0-0: Ball 1-0: Fly out, F9 (Flyball, 89S, EV 91.9 MPH)
|
| Bottom of the 6th over - 0 runs, 0 hits, 0 errors, 0 left on base; Cleveland 1 - Caifornia 4 |
| TOP OF THE 7TH |
|
Cleveland Indians batting - Pitching for Caifornia Angels : RHP Nick Cunningham
|
|
Pitching: LHP Tim Siddens
|
|
|
Batting: SHB Dan Hill
|
0-0: Called Strike 0-1: Called Strike 0-2: Foul Ball, location: 2F 0-2: Strikes out swinging
|
|
Batting: RHB Mike Cervino
|
0-0: Called Strike 0-1: Called Strike 0-2: Foul Ball, location: 2F 0-2: Ball 1-2: Ball 2-2: Foul Ball, location: 2F 2-2: Strikes out swinging
|
|
Batting: SHB Jonathan DeFranco
|
0-0: Ball 1-0: Ball 2-0: Ground out U3 (Groundball, 34S, EV 79.4 MPH)
|
| Top of the 7th over - 0 runs, 0 hits, 0 errors, 0 left on base; Cleveland 1 - Caifornia 4 |
| BOTTOM OF THE 7TH |
|
Caifornia Angels batting - Pitching for Cleveland Indians : RHP Dan Korte
|
|
Pitching: RHP Dennis Beals
|
|
|
Batting: LHB Steve Roepke
|
0-0: Foul Ball, location: 2F 0-1: Foul Ball, location: 2F 0-2: Ball 1-2: Ground out 6-3 (Groundball, 6S, EV 90.6 MPH)
|
|
Batting: RHB Jose Pineda
|
0-0: Ball 1-0: Ball 2-0: Called Strike 2-1: Called Strike 2-2: Strikes out swinging
|
|
Batting: RHB Mike Harkins
|
0-0: Called Strike 0-1: Foul Ball, location: 2F 0-2: Ground out 6-3 (Groundball, 6, EV 93.1 MPH)
|
| Bottom of the 7th over - 0 runs, 0 hits, 0 errors, 0 left on base; Cleveland 1 - Caifornia 4 |
| TOP OF THE 8TH |
|
Cleveland Indians batting - Pitching for Caifornia Angels : LHP Tim Siddens
|
|
Batting: RHB Toki Takeuchi
|
0-0: Ball 1-0: Swinging Strike 1-1: Called Strike 1-2: SINGLE (Groundball, 6S, EV 70.0 MPH) (infield hit)
|
|
Batting: LHB Jeremy DiGenova
|
Pickoff Throw to First - Error! E1 Toki Takeuchi to second 0-0: Ball 1-0: Ground out 6-3 (Groundball, 6M, EV 105.0 MPH) Toki Takeuchi to third
|
|
Pinch Hitting: RHB Jesus Galvan
|
0-0: Called Strike 0-1: Foul Ball, location: 2F 0-2: Ball 1-2: Strikes out swinging
|
|
Pinch Hitting: RHB Miguel Trevino
|
0-0: Foul Ball, location: 2F 0-1: Ball 1-1: Ball 2-1: Ground out 3-1 (Groundball, 34, EV 88.8 MPH)
|
| Top of the 8th over - 0 runs, 1 hit, 1 error, 1 left on base; Cleveland 1 - Caifornia 4 |
| BOTTOM OF THE 8TH |
|
Caifornia Angels batting - Pitching for Cleveland Indians : RHP Dennis Beals
|
|
Now at 1B: Jesus Galvan
|
|
|
Now in RF: Miguel Trevino
|
|
|
Batting: RHB Preston Deakyne
|
0-0: Ball 1-0: Swinging Strike 1-1: Ball 2-1: Ground out 5-3 (Groundball, 56, EV 85.0 MPH)
|
|
Pinch Hitting: RHB Curt Earnest
|
0-0: Called Strike 0-1: Ball 1-1: Swinging Strike 1-2: Ball 2-2: Strikes out swinging
|
|
Batting: RHB Alain Delhaye
|
0-0: Swinging Strike 0-1: Ball 1-1: Swinging Strike 1-2: Foul Ball, location: 2F 1-2: Strikes out looking
|
| Bottom of the 8th over - 0 runs, 0 hits, 0 errors, 0 left on base; Cleveland 1 - Caifornia 4 |
| TOP OF THE 9TH |
|
Cleveland Indians batting - Pitching for Caifornia Angels : LHP Tim Siddens
|
|
Pitching: LHP Carlos Toledo
|
|
|
Now in RF: Vinny Carreno
|
|
|
Pinch Hitting: LHB John Harring
|
0-0: Ground out 6-3 (Groundball, 56, EV 86.2 MPH)
|
|
Batting: RHB Drtian Thaqi
|
0-0: Ball 1-0: Ball 2-0: Called Strike 2-1: Ball 3-1: Base on Balls
|
|
Pitching: RHP Ryan Terlizzi
|
|
|
Pinch Hitting: RHB Tristan Dennis
|
0-0: Grounds into double play, 5-4-3 (Groundball, 5L, EV 78.8 MPH)
|
| Top of the 9th over - 0 runs, 0 hits, 0 errors, 0 left on base; Cleveland 1 - Caifornia 4 |
|